 Dungeon Crawl Stone Soup version 0.30.1-11-g7821555f0a (webtiles) character file.

Game seed: 5773714762037150980

306 monsoonserge the Ruffian (level 6, -19/61 HPs)
             Began as a Troll Fighter on Nov 19, 2023.
             Demolished by an ogre
             ... wielding a +0 giant club
              (21 damage)
             ... on level 5 of the Dungeon.
             The game lasted 00:05:53 (3186 turns).

monsoonserge the Ruffian (Troll Fighter)            Turns: 3186, Time: 00:05:53

Health: -19/61     AC:  7    Str: 25    XL:     6   Next: 16%
Magic:  5/5        EV:  9    Int:  6    God:
Gold:   215        SH:  8    Dex:  9    Spells: 5/5 levels left

rFire   . .          .
                       - Unarmed
rCold   + . .        b - +0 kite shield
rNeg    + . .        w - +2 robe {Will+}
rPois   .            r - +1 hat
rElec   .            (no cloak)
rCorr   .            (gloves unavailable)
SInv    .            (boots unavailable)
Will    +....        k - amulet of regeneration
Stlth   +            e - ring of protection from cold
HPRegen 1.90/turn    y - ring of positive energy
MPRegen 0.09/turn

%: no passive effects
@: mighty
A: large, unfitting armour, claws 3, regeneration 1, shaggy fur 1, tough skin 1
a: no special abilities


You were on level 5 of the Dungeon.
You visited 2 branches of the dungeon, and saw 6 of its levels.

You collected 300 gold pieces.
You spent 85 gold pieces at shops.

Inventory:

Missiles
 g - 8 poisoned darts (quivered)
 n - 2 javelins
 A - 4 atropa-tipped darts
Armour
 b - a +0 kite shield (worn)
 r - a +1 hat (worn)
 u - a scarf of invisibility
 w - a +2 robe of willpower (worn)
Jewellery
 e - a ring of protection from cold (left claw)
 h - a ring of ice
 k - an amulet of regeneration (around neck)
 y - a ring of positive energy (right claw)
Wands
 v - a wand of polymorph (8)
 x - a wand of digging (5)
Scrolls
 d - 2 scrolls of enchant weapon
 l - a scroll of torment
 o - 2 scrolls of immolation
 s - 3 scrolls of teleportation {unknown}
 z - a scroll of fog
 B - 3 scrolls of silence {unknown}
Potions
 a - a potion of heal wounds
 c - a potion of might
 j - a potion of brilliance
 m - 3 potions of curing {unknown}
 p - a potion of attraction
 q - a potion of resistance {unknown}
 t - a potion of lignification {unknown}


   Skills:
 + Level 3.5 Fighting
 - Level 2.7 Dodging
 + Level 3.8 Shields
 * Level 4.6 Unarmed Combat


You had 5 spell levels left.
You didn't know any spells.
Your spell library contained the following spells:

 Spells                   Type           Power      Damage    Failure   Level
 Magic Dart               Conj           0%         1d3       71%         1
 Searing Ray              Conj           0%         2d4       83%         2
 Stone Arrow              Conj/Erth      0%         3d7       97%         3
 Animate Armour           Summ/Erth      0%         N/A       100%        4
 Fulminant Prism          Conj/Hex       0%         3d5       100%        4
 Lehudib's Crystal Spear  Conj/Erth      0%         10d2      100%        8


Dungeon Overview and Level Annotations

Branches:
Dungeon (5/15)             Temple (1/1) D:5

Altars:
Ashenzari
Cheibriados
Dithmenos
Gozag
Hepliaklqana
Nemelex Xobeh
Ru
Sif Muna
Uskayaw
Vehumet
Xom
Yredelemnul
Zin
The Shining One

Shops:
D:3 [


Innate Abilities, Weirdness & Mutations

You are too large for most types of armour.
You have claws for hands.
Your natural rate of healing is unusually fast.
You are covered in fur. (AC +1)
You have tough skin. (AC +1)


Message History

f - a scroll of identify
Found a mace.
As you read the scroll of identify, it crumbles to dust.
p - a potion of attraction You now have 215 gold pieces (gained 13).
A hound and an ogre come into view.
The ogre shouts!
The hound barks!
You see here a scroll of identify.
You scratch the ogre.
The ogre is moderately wounded.
You block the ogre's attack. The hound bites you but does no damage.
You scratch the ogre.
The ogre is moderately wounded.
An adder comes into view.
The hound completely misses you. The ogre misses you.
You barely miss the ogre.
The ogre is moderately wounded.
The hound barely misses you. You block the hound's attack.
You barely miss the ogre.
The ogre is moderately wounded.
The ogre hits you with a +0 giant club!!
The hound bites you but does no damage.
You closely miss the ogre.
The ogre is moderately wounded.
The hound bites you but does no damage. The ogre hits you with a +0 giant club!
The hound barely misses you.
You scratch the ogre but do no damage.
The ogre is moderately wounded.
You block the hound's attack.
You feel very mighty all of a sudden. The hound bites you.
The ogre hits you with a +0 giant club!!
* * * LOW HITPOINT WARNING * * *
The hound closely misses you.
You barely miss the ogre.
The ogre is moderately wounded.
The hound bites you.
* * * LOW HITPOINT WARNING * * *
The ogre hits you with a +0 giant club!!
You die...

.. #.....######.# ..
#...# #...#........#
..###...###..).######..#
.............#.# ##..
...........#.## ####
..........#..#####...
#..S# #...........##
#.hO# #.........###
.###..@###.........#
........?...........#
....................#
....................#
..###...###..#.###### .
#...# #..#.# #...#
#....# ...... .....#
..... ...#.#


You could see an ogre, a hound and an adder.

Vanquished Creatures
  A phantom (D:4)
  A scorpion (D:4)
  3 iguanas
  An orc wizard (D:4)
  An adder (D:3)
  A worm (D:3)
  2 dart slugs (D:2)
  4 orcs (D:4)
  5 endoplasms
  A giant cockroach (D:1)
  4 goblins
  5 hobgoblins
  3 jackals (D:4)
  3 kobolds
  2 quokkas (D:2)
  6 ball pythons
  4 bats
  9 frilled lizards (D:1)
  4 rats
60 creatures vanquished.

Notes
Turn   | Place    | Note
-------+----------+-------------------------------------------
     0 | D:1      | monsoonserge the Troll Fighter began the quest for the Orb.
     0 | D:1      | Reached XP level 1. HP: 22/22 MP: 0/0
   262 | D:1      | Found a faded altar of an unknown god.
   488 | D:1      | Reached XP level 2. HP: 29/29 MP: 1/1
  1134 | D:2      | Reached XP level 3. HP: 36/36 MP: 2/2
  1651 | D:3      | Found a snail-covered altar of Cheibriados.
  1730 | D:3      | Reached skill level 3 in Unarmed Combat
  1804 | D:3      | Found Heskapp's Antique Armour Emporium.
  1823 | D:3      | Bought a glowing robe for 85 gold pieces
  2169 | D:4      | Reached XP level 4. HP: 24/44 MP: 3/3
  2264 | D:4      | Noticed a phantom
  2279 | D:4      | Killed a phantom
  2280 | D:4      | Reached XP level 5. HP: 53/53 MP: 4/4
  2324 | D:4      | Reached skill level 4 in Unarmed Combat
  2754 | D:5      | Entered Level 5 of the Dungeon
  2772 | D:5      | Reached XP level 6. HP: 61/61 MP: 5/5
  2775 | D:5      | Found a staircase to the Ecumenical Temple.
  2784 | Temple   | Entered the Ecumenical Temple
  3185 | D:5      | HP: 2/61 [ogre/+0 giant club (20)]
  3186 | D:5      | Demolished by an ogre

Illustrated notes

Levels and vault maps discovered:
D:1:      dpeg_arrival_concentric_ovals, layout_basic,
          hellmonk_ecumenical_altar_zigzags, minmay_lizard_king
D:2:      layout_basic, minivault_26, dreamdust_princess_corridor
D:3:      layout_rooms, mainiacjoe_overflow_catwalk, serial_shops, shop,
          dreamdust_wishing_well
D:4:      layout_cave_pods
D:5:      layout_rooms, kennysheep_vampire_church,
          mainiacjoe_overflow_tiny_flanked, minmay_temple_entry_wispy,
          kennysheep_boxes
Temple:   compressed_dpeg_triangle_lava_temple

Skill      XL: |  1  2  3  4  5 |
---------------+----------------+-----
Shields        | 3 |  3.8
Unarmed Combat | 3 4 |  4.6
Fighting       | 3 |  3.5
Dodging        | |  2.7

Action                     |  1- 3 |  4- 6 || total
---------------------------+-------+-------++-------
  Melee: Unarmed           |   125 |    70 ||   195
  Throw: Dart              |     1 |       ||     1
    Use: Scroll            |       |     8 ||     8
         Potion            |       |     1 ||     1
   Stab: Sleeping          |     1 |       ||     1
 Armour: Robe              |    41 |    28 ||    69
  Dodge: Dodged            |    34 |    28 ||    62
  Block: Kite shield       |    32 |    29 ||    61
